 Dungeon Crawl Stone Soup version 0.29.1-14-g9c671dbff4 (webtiles) character file.

Game seed: 4473319478705988054

67 Barneous the Shooter (level 4, -11/45 HPs)
             Began as an Ogre Hunter on Feb 17, 2023.
             Killed by an exploding ball python (53 damage)
             ... ignited by their inner flame
             ... on level 3 of the Dungeon.
             The game lasted 00:05:44 (2185 turns).

Barneous the Shooter (Ogre Hunter)                  Turns: 2185, Time: 00:05:44

Health: -11/45     AC:  5    Str: 15    XL:     4   Next: 18%
Magic:  4/4        EV: 10    Int: 10    God:
Gold:   104        SH:  0    Dex: 14    Spells: 1/3 levels left

rFire   . . .      SeeInvis .   a - +1 shortbow
rCold   . . .      Faith    .   (shield currently unavailable)
rNeg    . . .      Spirit   .   i - +2 robe {Archmagi}
rPois   .          Reflect  .   (helmet restricted)
rElec   .          Harm     .   (no cloak)
rCorr   .          Rampage  .   (gloves unavailable)
Will    .....      Archmagi +   (boots unavailable)
Stlth   ++........              (no amulet)
HPRegen 0.15/turn               c - +4 ring of slaying
MPRegen 0.09/turn               (no ring)

@: no status effects
A: large, unfitting armour, tough skin 1
a: no special abilities


You were on level 3 of the Dungeon.
You visited 1 branch of the dungeon, and saw 3 of its levels.

You collected 104 gold pieces.

Inventory:

Hand Weapons
 a - a +1 shortbow (weapon)
 d - a +1 dagger of speed
Armour
 i - a +2 robe of the Archmagi (worn)
Jewellery
 c - a +4 ring of slaying (left hand)
Scrolls
 b - 2 scrolls of immolation
 e - a scroll of identify
 f - a scroll of teleportation
 g - a scroll of enchant armour
 h - a scroll of amnesia


   Skills:
 + Level 3.4 Fighting
 + Level 3.9 Ranged Weapons
 + Level 2.0 Dodging
 + Level 0.8 Stealth


You had one spell level left.
You knew the following spells:

 Your Spells              Type           Power      Damage    Failure   Level
a - Passwall              Tmut/Erth      0%         N/A       50%         2

Your spell library contained the following spells:

 Spells                   Type           Power      Damage    Failure   Level
 Ensorcelled Hibernation  Hex/Ice        0%         N/A       50%         2
 Dazzling Flash           Conj/Hex       0%         N/A       75%         3
 Swiftness                Air            0%         N/A       75%         3
 Iskenderun's Mystic Bla  Conj/Tloc      0%         2d3       98%         4
 Starburst                Conj/Fire      0%         6d3       100%        6


Dungeon Overview and Level Annotations

Branches:
Dungeon (3/15)

Altars:


Innate Abilities, Weirdness & Mutations

You are too large for most types of armour.
You have tough skin. (AC +1)


Message History

The arrow hits the jackal but does no damage.
You shoot an arrow. The arrow hits the jackal!
You kill the jackal!
No target in view!
An endoplasm and a jackal come into view.
The jackal barks!
You see here a scroll of identify.
You shoot an arrow. The arrow hits the endoplasm.
The endoplasm is severely wounded.
A goblin comes into view. It is wielding a +0 dagger.
A ball python comes into view.
You shoot an arrow. The ball python hisses angrily.
The goblin shouts!
The arrow hits the endoplasm!
You kill the endoplasm!
You hear a shout!
You hear a bark!
You hear a shout!
You shoot an arrow. The arrow hits the jackal!
You kill the jackal!
An orc comes into view. It is wielding a +0 club.
You shoot an arrow.
The arrow barely misses the ball python.
Really read the scroll of immolation?
Uppercase [Y]es or [N]o only, please.
Really read the scroll of immolation?
As you read the scroll of immolation, it crumbles to dust.
The creatures around you are filled with an inner flame!
The ball python closely misses you.
You shoot an arrow.
The arrow barely misses the ball python.
The ball python barely misses you. The goblin hits you with a +0 dagger.
You shoot an arrow.
The arrow barely misses the ball python.
The ball python bites you. The goblin hits you but does no damage.
The ball python bites you.
You shoot an arrow. The arrow hits the ball python!
The ball python explodes!
The fiery explosion engulfs the goblin!!
The fiery explosion engulfs you!!!
Ouch! That really hurt!
You die...

#...## #########...###
#.........#...#### #
#......[..#......#####..
#.........###.##........
#................>......
#...<...................
#...).....###...........
#.........# ####@§####..
#.......[.# #.§.#
#.........# ##o.#
#######.......# ....
#######.# ..... #.###..
.# . .#


You could see an orc (inner flame).

Vanquished Creatures
  3 adders (D:2)
  A dart slug (D:2)
  An orc (D:3)
  4 ball pythons
  A bat (D:1)
  5 endoplasms
  4 hobgoblins (D:1)
  2 jackals (D:3)
  A quokka (D:1)
  A frilled lizard (D:1)
  9 goblins
  3 kobolds
  4 rats (D:1)
39 creatures vanquished.

Vanquished Creatures (others)
  2 plants (D:2)
2 creatures vanquished.

Grand Total: 41 creatures vanquished

Notes
Turn   | Place    | Note
-------+----------+-------------------------------------------
     0 | D:1      | Barneous the Ogre Hunter began the quest for the Orb.
     0 | D:1      | Reached XP level 1. HP: 22/22 MP: 1/1
   175 | D:1      | Reached XP level 2. HP: 15/29 MP: 2/2
   860 | D:1      | Reached XP level 3. HP: 37/37 MP: 3/3
  1047 | D:2      | Found a faded altar of an unknown god.
  1839 | D:2      | Reached XP level 4. HP: 38/45 MP: 4/4
  2151 | D:3      | Learned a level 2 spell: Passwall
  2185 | D:3      | Killed by an exploding ball python... ignited by their
                  | inner flame

Illustrated notes

Levels and vault maps discovered:
D:1:      minmay_arrival_arboretum_small, layout_basic, minmay_pentomino_w2
D:2:      layout_rooms, shapermc_ecumenical_altar_acropolis, serial_forest,
          infiniplex_forest_clump_large, infiniplex_forest_clump_double,
          infiniplex_forest_lined_4_way, infiniplex_forest_corner_1,
          infiniplex_forest_straight_2, infiniplex_forest_lined_2,
          infiniplex_forest_clump_double, infiniplex_forest_clump_diagonal,
          infiniplex_forest_end_double, infiniplex_forest_3_way
D:3:      layout_rooms, nicolae_overflow_ecumenical_swirl,
          lemuel_blue_sif_altar, roderic_batcave

Skill      XL: |  1  2  3 |
---------------+----------+-----
Ranged Weapons | 3 |  3.9
Fighting       | 3 |  3.4
Dodging        | 2 |  2.0
Stealth        | |  0.8

Action                   |  1- 3 |  4- 6 || total
-------------------------+-------+-------++-------
 Fire: Shortbow          |    99 |    15 ||   114
  Use: Scroll            |     4 |     2 ||     6
       Potion            |     4 |       ||     4
Armor: Robe              |    15 |     3 ||    18
Dodge: Dodged            |    28 |     3 ||    31
